[Event "Late-Titled-Tuesday-Blitz-January-30-2024"]
[Site "Chess.com"]
[Date "2024.01.30"]
[Round "3"]
[White "Mikhail_Golubev"]
[Black "FabianoCaruana"]
[Result "0-1"]
[WhiteElo "2652"]
[BlackElo "3044"]
[TimeControl "180+1"]
[EndTime "14:29:33 PST"]
[Termination "FabianoCaruana won on time"]

1. e4 c5 2. Nf3 Nc6 3. Nc3 e5 4. Bc4 g6 5. d3 h6 6. O-O Bg7 7. a3 Nge7 8. Rb1 O-O 9. b4 d6 10. bxc5 dxc5 11. Nd5 b6 12. Nxe7+ Qxe7 13. Bd5 Bd7 14.
c3 Kh7 15. d4 cxd4 16. cxd4 exd4 17. Bb2 Rad8 18. Nxd4 Nxd4 19. Bxd4 Be6 20. Bxg7 Kxg7 21.
Qd4+ Qf6 22. Qa4 Rd7 23. Bxe6 Qxe6 24. Rfd1 Rfd8 25. Rxd7 Qxd7 26. Qxd7 Rxd7 27. f3 Rd2 28. a4 Ra2 29. Rb4 h5 30. h4 Kf6 31. Kh2 Ke6 32. Rd4 a5 33. Kg3 Rb2 34. Rd1 Rb4 35. Ra1 Ke5 36. Ra2 f5 37. exf5 gxf5 38. Re2+ Kd5 39.
Rd2+ Kc5 40. Re2 f4+ 41. Kf2 Rxa4 42. Re5+ Kd6 43. Rxh5 Rb4 44. g4 fxg3+ 45. Kxg3 a4 46. Rh8 Ke6 47. Ra8 b5 48. h5 Kf6 49. Ra6+ Kg7 50. f4 Rb1 51. h6+ Kh7 52. Kg4 Rh1 53. Kg5 Rg1+ 54. Kh5 Rg8 55. Ra7+ Kh8 56. f5 Rb8 57. Kg6 Rg8+ 58. Kh5 Rb8 0-1

[Event "Late-Titled-Tuesday-Blitz-January-30-2024"]
[Site "Chess.com"]
[Date "2024.01.30"]
[Round "3"]
[White "snowlord"]
[Black "Airquake"]
[Result "0-1"]
[WhiteElo "2870"]
[BlackElo "2549"]
[TimeControl "180+1"]
[EndTime "14:29:33 PST"]
[Termination "Airquake won on time"]

1. c4 Nf6 2. Nc3 e6 3. g4 d5 4. g5 Ng8 5. h4 dxc4 6. e3 h6 7. g6 fxg6 8. Bxc4 Qf6 9. Ne4 Qf5 10.
Ng3 Qf6 11. Nf3 Nc6 12. d4 Bb4+ 13. Kf1 Nge7 14. a3 Bd6 15. Ne4 Qf5 16. Bd3 O-O 17.
Nxd6 Qxf3 18. Qxf3 Rxf3 19. Be4 Rf6 20. Nxc8 Rxc8 21.
b4 Rcf8 22. Ra2 Nd5 23. Rc2 Nce7 24. Kg2 c6 25. Rh3 Nf5 26. Bd3 Nd6 27. Rg3 Nf5 28.
Rh3 Nd6 29. f3 Kh8 30. Kf2 Nf7 31. Rg3 e5 32. Rxg6 exd4 33. exd4 Nd6 34. Rxf6 Rxf6 35. Bd2 Nf4 36. Bf1 Ne6 37. d5 cxd5 38. Kg2 Rxf3 39.
Kxf3 Nd4+ 40. Kg4 Nxc2 41. Bf4 Nc4 42. Bd3 N2xa3 43. Kf5 Nb5 44. Ke6 Nc3 45. Bb8 a5 46.
Ba7 axb4 47. Bd4 b5 48. Kf7 Nd6+ 49. Kf8 Nde4 50. Bxg7+ Kh7 51. Bd4 Kg6 52. Ke8 Kh5 53.
Be5 b3 54. Kd7 b2 0-1

[Event "Late-Titled-Tuesday-Blitz-January-30-2024"]
[Site "Chess.com"]
[Date "2024.01.30"]
[Round "3"]
[White "RichardLeyvaP"]
[Black "jcibarra"]
[Result "0-1"]
[WhiteElo "2532"]
[BlackElo "2875"]
[TimeControl "180+1"]
[EndTime "14:29:33 PST"]
[Termination "jcibarra won on time"]

1. e4 Nc6 2. Nf3 d6 3. d4 Nf6 4. Nc3 g6 5. h3 Bg7 6. Bd3 O-O 7. O-O e5 8. dxe5 dxe5 9. Be3 h6 10. Bb5 Qe7 11.
Bxc6 bxc6 12. Qe2 Qb4 13. Bc1 a5 14. a3 Qe7 15. Re1 Ba6 16. Qe3 Rfd8 17. a4 Nh5 18.
b3 Nf4 19. Ba3 Qf6 20. Kh2 Bc8 21. Ne2 h5 22. Bb2 Qe7 23. Nxf4 exf4 24. Qc1 Bxb2 25. Qxb2 Qc5 26. Qf6 Qd6 27. Qg5 Be6 28. e5 Qc5 29.
Qxf4 Qxf2 30. Rac1 Bd5 31. Rf1 Qe2 32. Rfe1 Qf2 33.
Rf1 Qc5 34. c4 Be6 35. Ng5 Qe7 36. Ne4 Kg7 37. Rf2 Rd4 38. Rc3 Bf5 39. Re3 Re8 40. g4 hxg4 41. hxg4 Bxe4 42. Rxe4 Rxe4 43. Qxe4 Qxe5+ 44. Qxe5+ Rxe5 45. Rf3 f6 46. Kg3 c5 47. Rd3 Kh6 48. Kf4 g5+ 49. Kf3 Re6 50. Rd7 Rb6 51.
Rd3 Kg6 52. Ke4 Re6+ 53. Kd5 Rd6+ 54. Ke4 Rxd3 55. Kxd3 f5 0-1

[Event "Late-Titled-Tuesday-Blitz-January-30-2024"]
[Site "Chess.com"]
[Date "2024.01.30"]
[Round "3"]
[White "PattyCastillo"]
[Black "JonasGallasch"]
[Result "0-1"]
[WhiteElo "1989"]
[BlackElo "2334"]
[TimeControl "180+1"]
[EndTime "14:29:34 PST"]
[Termination "JonasGallasch won on time"]

1. d4 Nf6 2. Nf3 e6 3. e3 c5 4.
Bd3 Nc6 5. b3 Be7 6. Bb2 O-O 7.
O-O a6 8. Nbd2 b5 9. c4 bxc4 10. bxc4 cxd4 11. exd4 a5 12. a3 Ba6 13. Qe2 h6 14.
Rfe1 a4 15. Rad1 Rb8 16. Rb1 d5 17. cxd5 Bxd3 18. Qxd3 Nxd5 19. Nc4 Na5 20. Nfe5 Rb3 21. Qd2 Nxc4 22. Nxc4 Bf6 23. Ne5 Ne7 24. Ng4 Nd5 25. Ba1 Rxa3 26. Rb7 Rb3 27. Rb1 Rxb1+ 28. Rxb1 Qc7 29.
h3 Rc8 30. Nxf6+ Nxf6 31. d5 Nxd5 32. Qd4 f6 33. Qxa4 Qc2 34. Qxc2 Rxc2 35. Bd4 e5 36. Ba7 Kh7 37. g3 Kg6 38. h4 Kf5 39. Kg2 Rc7 40.
Bb8 Rc4 41. Rb7 Rb4 42. Rxb4 Nxb4 43. Kf3 Nd5 44. g4+ Ke6 45. Ke4 Ne7 46. Ba7 Nc8 47. Be3 Nd6+ 48. Kf3 Kd5 49. Bb6 e4+ 50. Ke2 g6 51.
Bd8 f5 52. gxf5 gxf5 53. Be7 h5 54. f3 Ke5 0-1

[Event "Late-Titled-Tuesday-Blitz-January-30-2024"]
[Site "Chess.com"]
[Date "2024.01.30"]
[Round "3"]
[White "wadsy27"]
[Black "penguingm1"]
[Result "1-0"]
[WhiteElo "2628"]
[BlackElo "2863"]
[TimeControl "180+1"]
[EndTime "14:29:36 PST"]
[Termination "wadsy27 won by checkmate"]

1. c4 e6 2. g3 d5 3. Bg2 Nf6 4.
Nf3 Be7 5. O-O O-O 6. b3 c5 7. cxd5 Nxd5 8. Bb2 b6 9. d4 Bb7 10. dxc5 Bxc5 11. Nbd2 Nd7 12. Ne4 Be7 13. Qd4 N7f6 14.
Ne5 Rc8 15. Rac1 Rc7 16. Rxc7 Nxc7 17. Nxf6+ gxf6 18. Bxb7 Qxd4 19. Bxd4 fxe5 20. Bxe5 Nb5 21. Rd1 f6 22. Rd7 Kf7 23. Bb2 Rd8 24. Rxd8 Bxd8 25.
Be4 f5 26. Bd3 Nd6 27. f4 Be7 28. Kg2 Nb7 29. Kf3 Nc5 30. Bc2 Bf6 31. Bxf6 Kxf6 32. e4 h6 33. h3 h5 34. b4 Na6 35. a3 Nc7 36. exf5 exf5 37. Ke3 Nb5 38. Bd3 Nc7 39.
Kd4 Ne6+ 40. Ke3 Nc7 41. Be2 Kg6 42. Kd4 h4 43. gxh4 Kf6 44. h5 Ne6+ 45. Ke3 Nc7 46. h4 Nd5+ 47. Kf3 Nc3 48. Bd3 Nd5 49. h6 Ne7 50. h5 Kf7 51. Ke3 Nd5+ 52. Kf3 Ne7 53. Kg3 a5 54. bxa5 bxa5 55. Kh4 Kf6 56. h7 Kg7 57.
Kg5 Nd5 58. Bxf5 Nc3 59. Bg6 a4 60. Bc2 Nb5 61. f5 Kxh7 62. f6+ Kg8 63. Bxa4 Nxa3 64. h6 Nb1 65. Bb3+ Kh8 66. f7 Kh7 67. f8=Q Nc3 68. Qg7# 1-0

[Event "Late-Titled-Tuesday-Blitz-January-30-2024"]
[Site "Chess.com"]
[Date "2024.01.30"]
[Round "3"]
[White "el008"]
[Black "xhembulla"]
[Result "1-0"]
[WhiteElo "2508"]
[BlackElo "2626"]
[TimeControl "180+1"]
[EndTime "14:29:37 PST"]
[Termination "el008 won by resignation"]

1. Nf3 Nf6 2. b3 d5 3. Bb2 Bf5 4. c4 e6 5. g3 c6 6. Bg2 Bd6 7.
O-O O-O 8. d3 h6 9. Re1 Bh7 10.
Nbd2 Nbd7 11. a3 a5 12. e4 dxe4 13. dxe4 e5 14. Nh4 Re8 15. Nf5 Bf8 16. Qc2 Nc5 17.
Bc3 Qd3 18. Qb2 Bxf5 19. Bf1 Qd7 20. exf5 Qxf5 21. Rxe5 Qg6 22. Rae1 Rxe5 23. Bxe5 Re8 24. Nf3 Ng4 25. Bd4 Rxe1 26. Nxe1 Ne6 27. Bb6 Qh5 28. h3 Ne5 29. Qe2 Qxe2 30. Bxe2 Bxa3 31. f4 Nd7 32. Bxa5 Ndc5 33. Bd1 Nd4 34. Nc2 Bb2 35. Nxd4 Bxd4+ 36. Kg2 Kf8 37. Kf3 Ke8 38. b4 Ne6 39. Ke4 g6 40. c5 Bf6 41. Bb6 h5 42. g4 hxg4 43. hxg4 Bc3 44. Ba5 Kd7 45. Kd3 Bg7 46. f5 Nc7 47.
Bb3 Nd5 48. Bxd5 cxd5 49. b5 Be5 50. Bc3 Bc7 51. Kd4 Bd8 52. Kxd5 gxf5 53. gxf5 Bg5 54. Be5 f6 55. c6+ bxc6+ 56. bxc6+ Kc8 57. Bd6 Bh4 58. Ke6 Bg5 59. Be7 Kc7 60. Bxf6 Bc1 61. Kd5 Bf4 62. Be5+ Bxe5 63. Kxe5 Kxc6 64. Ke6 Kc7 65.
f6 Kd8 66. f7 1-0

[Event "Late-Titled-Tuesday-Blitz-January-30-2024"]
[Site "Chess.com"]
[Date "2024.01.30"]
[Round "3"]
[White "Arteler"]
[Black "NCchamp"]
[Result "1-0"]
[WhiteElo "2565"]
[BlackElo "2316"]
[TimeControl "180+1"]
[EndTime "14:29:37 PST"]
[Termination "Arteler won on time"]

1. e4 c6 2. Nc3 d5 3. Qf3 dxe4 4. Nxe4 Nf6 5. Nxf6+ exf6 6. Qg3 Be6 7. Nf3 Nd7 8. d4 h5 9. Bd3 Nb6 10. Bd2 Qd7 11.
O-O-O O-O-O 12. h4 Bg4 13. Rhe1 Bd6 14. Bf4 Nd5 15.
Bxd6 Qxd6 16. Qxd6 Rxd6 17. Be2 Nf4 18. Bf1 Rhd8 19.
Re4 Bxf3 20. gxf3 Nd5 21. Bh3+ Kc7 22. c3 b5 23. Rde1 g6 24. Kc2 f5 25. Re5 Nf4 26.
Bf1 Re6 27. a4 a6 28. axb5 axb5 29. Rxe6 Nxe6 30. Ra1 Kb7 31. b4 Nf4 32. Kd2 Nd5 33. Re1 Ra8 34. Rc1 Ra2+ 35. Rc2 Ra1 36. Rc1 Ra3 37. Bd3 Nf4 38. Bb1 Ng2 39. Kc2 Kb6 40.
Kb2 Ra7 41. Bd3 Nxh4 42. c4 bxc4 43. Bxc4 Nxf3 44. d5 Ne5 45. dxc6 Nxc6 46. Kc3 Ne5 47. Bd5 Rc7+ 48. Kd2 Rxc1 49. Kxc1 Nd3+ 50. Kd2 Nxf2 51. Bxf7 Ne4+ 52. Ke3 h4 53. Bxg6 h3 54. Bxf5 Ng5 55.
Kf2 1-0

[Event "Late-Titled-Tuesday-Blitz-January-30-2024"]
[Site "Chess.com"]
[Date "2024.01.30"]
[Round "3"]
[White "noblerone"]
[Black "Chempiblinka"]
[Result "1/2-1/2"]
[WhiteElo "2469"]
[BlackElo "2299"]
[TimeControl "180+1"]
[EndTime "14:29:38 PST"]
[Termination "Game drawn - insufficient material"]

1. e4 c5 2. Nf3 Nc6 3. Nc3 g6 4. Bc4 Bg7 5. d3 Nf6 6. h3 d6 7.
O-O O-O 8. a4 e6 9. Bg5 h6 10. Bf4 d5 11. exd5 exd5 12. Ba2 a6 13.
Qd2 Kh7 14. Rfe1 Be6 15. Ne5 Rc8 16. Nxc6 Rxc6 17. Ne2 d4 18. Bxe6 Rxe6 19. Ng3 Rfe8 20. Rxe6 Rxe6 21. Nf1 Qe8 22. Qd1 Nd5 23. Bg3 Nb4 24.
Nd2 Re2 25. Bd6 b6 26. a5 Re6 27. Bg3 b5 28. Ne4 Qc6 29. Nd2 f5 30. h4 Qd5 31.
Nf3 Qd7 32. Qd2 Qe7 33. Re1 Rxe1+ 34. Nxe1 Nd5 35. Nf3 Bf6 36. Kf1 g5 37. hxg5 hxg5 38. Qe1 f4 39. Qxe7+ Nxe7 40. Bh2 Nc6 41. Nd2 Nxa5 42.
Ne4 Be7 43. g3 f3 44. g4 Nc6 45. Bc7 Nb4 46. Bb6 Nxc2 47. Bxc5 Bxc5 48. Nxc5 a5 49. Kg1 b4 50. Kh2 Kg6 51. Kg3 Ne1 52. Nb3 a4 53.
Nxd4 a3 54. bxa3 bxa3 55. Nb3 Nxd3 56. Kxf3 Ne5+ 57. Kg3 Nc4 58. f4 gxf4+ 59. Kxf4 Kf6 60. Ke4 a2 61. Kd3 Na5 62. Na1 Kg5 63. Kc2 Kxg4 64.
Kb2 Nc4+ 65. Kxa2 1/2-1/2

[Event "Late-Titled-Tuesday-Blitz-January-30-2024"]
[Site "Chess.com"]
[Date "2024.01.30"]
[Round "3"]
[White "Actuary44"]
[Black "Sl4werThanYou"]
[Result "1-0"]
[WhiteElo "2489"]
[BlackElo "2613"]
[TimeControl "180+1"]
[EndTime "14:29:39 PST"]
[Termination "Actuary44 won by checkmate"]

1. e4 e6 2. d4 d5 3. Nc3 Bb4 4. e5 Qd7 5. f4 c5 6. Nf3 Nc6 7. dxc5 Bxc5 8. Bd3 Nge7 9. Qe2 a6 10. a3 b5 11. Bd2 Bb7 12. O-O-O h6 13. Kb1 O-O-O 14.
g4 Kb8 15. Rhe1 Qc7 16. f5 Nd4 17. Nxd4 Bxd4 18. Na2 Nc6 19. Bf4 Bc5 20. c3 Qb6 21.
Nb4 Na5 22. f6 g5 23. Bc1 Nc4 24. b3 Na5 25. Ka2 Rc8 26. Nc2 Bf8 27. Be3 Qc7 28. Bd4 Nc6 29. Bf2 Na5 30. Qe3 Nc6 31. Nb4 Bxb4 32. cxb4 d4 33. Qe2 Rhd8 34. Rc1 Qb6 35.
Rc5 Rc7 36. Rec1 Rdc8 37. h4 Rd7 38. hxg5 hxg5 39. Qd2 Rg8 40. Bh7 Rh8 41. Qxg5 a5 42.
Bd3 axb4 43. Rxb5 Qa7 44. a4 Rc8 45. Be4 Ka8 46. Qd2 Rcc7 47. g5 Nd8 48. Rxc7 Rxc7 49. Bxb7+ Nxb7 50. Bxd4 Qb8 51. Qxb4 Rc2+ 52. Ka3 Qc8 53.
Ra5+ Kb8 54. Ba7+ Kc7 55. Qb6+ Kd7 56. Rb5 Rc7 57. Qd4+ Ke8 58. Bb6 Rd7 59. Qc4 Qa8 60. g6 Nd8 61. g7 Rd1 62. g8=Q+ Kd7 63. Qc7# 1-0

[Event "Late-Titled-Tuesday-Blitz-January-30-2024"]
[Site "Chess.com"]
[Date "2024.01.30"]
[Round "3"]
[White "brm72"]
[Black "Durarbayli"]
[Result "0-1"]
[WhiteElo "2692"]
[BlackElo "2913"]
[TimeControl "180+1"]
[EndTime "14:29:40 PST"]
[Termination "Durarbayli won by resignation"]

1. e4 e5 2. Nf3 Nc6 3. d4 exd4 4.
Nxd4 Nf6 5. Nc3 Bb4 6. Nxc6 bxc6 7. Bd3 d5 8. exd5 Qe7+ 9. Qe2 cxd5 10. Qxe7+ Kxe7 11. O-O Be6 12. Bf4 c5 13. h3 c4 14. Be2 Bd6 15. Be3 Be5 16. f4 Bxc3 17. bxc3 Ne4 18. Bd4 f6 19. Rab1 Rhb8 20. Rfd1 a5 21. Bf3 a4 22. a3 Ke8 23. Rb4 Kf8 24. Kf1 Re8 25.
Rb7 Ng3+ 26. Kf2 Ne4+ 27. Kg1 Bf7 28. Rdb1 Nd2 29. Rxf7+ Kxf7 30. Bxd5+ Kg6 31. Rd1 Rad8 32. Bc6 Re2 33. Bxa4 Kf5 34. Bc6 Rd6 35. Bb7 Kxf4 36. a4 Rd7 37. Bc6 Rd6 38. Bb7 Kg3 39. a5 f5 40. a6 Rxa6 41. Bxa6 Rxg2+ 42. Kh1 Rh2+ 43. Kg1 Rg2+ 44. Kh1 Nf3 45. Bg1 Kxh3 46. Bc8 g6 47. Bb7 Rxg1+ 48. Rxg1 Nxg1 49. Kxg1 Kg3 50. Bd5 f4 51.
Bxc4 f3 52. Bd3 g5 53. Bxh7 g4 54. Bd3 Kf4 55. c4 g3 56. Kf1 Ke5 57. Bg6 Kd4 58. Bf7 Ke3 59. Bd5 g2+ 60. Kg1 f2+ 61. Kxg2 Ke2 62.
Bf3+ Ke1 63. Be2 Kxe2 0-1

[Event "Late-Titled-Tuesday-Blitz-January-30-2024"]
[Site "Chess.com"]
[Date "2024.01.30"]
[Round "3"]
[White "tptagain"]
[Black "TanitoluwaAps116"]
[Result "0-1"]
[WhiteElo "2904"]
[BlackElo "2717"]
[TimeControl "180+1"]
[EndTime "14:29:41 PST"]
[Termination "TanitoluwaAps116 won by resignation"]

1. e4 c5 2. Nf3 e6 3. c3 Nf6 4. e5 Nd5 5. d4 cxd4 6. cxd4 Nc6 7. Be2 d6 8. O-O Be7 9. Nbd2 O-O 10. Ne4 dxe5 11. dxe5 Qc7 12. Nd6 Nxe5 13. Nb5 Nxf3+ 14. Bxf3 Qb6 15. Nc3 Nxc3 16. bxc3 Rd8 17. Qc2 Qc7 18. Qe4 Bd7 19. Bf4 Qc6 20. Qe3 Qa6 21. Be5 Bc6 22. Be2 Qa4 23. c4 Rac8 24. Qg3 f6 25. Bb2 Qc2 26. Bg4 Qxb2 27. Bxe6+ Kh8 28. Bxc8 Rxc8 29. Rae1 Bc5 30. h4 Qd4 31. h5 h6 32.
Qg6 Rg8 33. Rc1 Be4 34. Qg3 f5 35. Rfd1 Qb2 36. Rf1 Rf8 37. Rcd1 f4 38. Qg4 Qf6 39. Rd2 Bc6 40. Rfd1 f3 41. g3 Kg8 42. Rd3 Qg5 43. Qxg5 hxg5 44. Rd8 Kf7 45. Rxf8+ Kxf8 46. Rd8+ Kf7 47.
Ra8 a6 48. Rc8 Kf6 49. Rg8 Be4 50. Rc8 b6 51. Rc7 g4 52. Rd7 a5 53. Rd1 Bf5 54. Rd5 Be6 55. Rd2 Kg5 56. Kh2 Kxh5 57. a4 Kg6 58.
Rc2 Kf6 59. Kg1 Bf5 60. Rd2 Be6 61. Rc2 Bd7 62. Kf1 Bxa4 63. Rd2 Be8 64. Rd8 Bf7 65.
Ke1 a4 66. Kd2 Bxf2 67. Kd3 Bxg3 68. Ke4 f2 69. Rd1 Bxc4 0-1

[Event "Late-Titled-Tuesday-Blitz-January-30-2024"]
[Site "Chess.com"]
[Date "2024.01.30"]
[Round "3"]
[White "maurovargas01"]
[Black "masnyszachistaaa"]
[Result "0-1"]
[WhiteElo "1856"]
[BlackElo "2543"]
[TimeControl "180+1"]
[EndTime "14:29:41 PST"]
[Termination "masnyszachistaaa won on time"]

1. e4 c5 2. Nc3 Nc6 3. f4 d6 4. Nf3 g6 5. Bb5 Bd7 6. Bxc6 Bxc6 7. d3 Bg7 8. O-O e6 9. Bd2 Ne7 10. Qe1 O-O 11. Qh4 f6 12. f5 exf5 13. exf5 Nxf5 14. Qh3 Bd7 15. g4 Ne7 16. Rae1 Nc6 17. Qg3 Ne5 18. h3 Nxf3+ 19. Rxf3 Bc6 20. Rfe3 Re8 21. Re6 Rxe6 22. Rxe6 d5 23. Bf4 Qd7 24. Qe1 d4 25. Rd6 Qe8 26. Ne4 Bxe4 27. dxe4 Rd8 28. Kg2 b6 29. Kf3 Rxd6 30. Bxd6 Qe6 31. Bg3 Qxa2 32. Qc1 Qc4 33. Qf4 Qf7 34. Qb8+ Bf8 35. b3 Kg7 36. Bc7 Qd7 37. Qxa7 b5 38. Bb6 Qxa7 39.
Bxa7 Kf7 40. Kf4 Ke6 41. Bb6 Bd6+ 42. Kf3 Kd7 43. Ba5 b4 44. Ke2 Be7 45. Kd3 Kd6 46. Kc4 Kc6 47. h4 Bd6 48. h5 gxh5 49. gxh5 Be7 50. Kd3 Kb5 51. Bc7 Bf8 52. Bf4 Be7 53. Ke2 Bd8 54. Kf3 c4 55. bxc4+ Kxc4 56. Bd2 Bc7 0-1

[Event "Late-Titled-Tuesday-Blitz-January-30-2024"]
[Site "Chess.com"]
[Date "2024.01.30"]
[Round "3"]
[White "rquery98"]
[Black "SHIVACalypso"]
[Result "0-1"]
[WhiteElo "2722"]
[BlackElo "2469"]
[TimeControl "180+1"]
[EndTime "14:29:42 PST"]
[Termination "SHIVACalypso won by resignation"]

1. Nf3 Nf6 2. g3 d5 3. Bg2 g6 4. c4 c6 5. b3 Bg7 6. Bb2 O-O 7. O-O Re8 8. Qc2 Bf5 9. d3 Nbd7 10. Nd4 e5 11. Nxf5 gxf5 12. Bh3 Ng4 13. e4 dxe4 14. dxe4 Qg5 15. exf5 Qh5 16. Kg2 e4 17. Bxg7 Kxg7 18.
Qe2 Ndf6 19. Nc3 e3 20. f4 Qxf5 21. Rad1 Rad8 22. Rxd8 Rxd8 23. Rd1 Rxd1 24. Qxd1 h5 25. Qe2 Qa5 26. Nd1 Qf5 27. Nc3 Qa5 28. Qd3 Qa3 29.
Bxg4 Nxg4 30. h3 Qb2+ 31. Ne2 Qd2 32. Qxd2 exd2 33. Nc3 Ne3+ 34. Kf3 d1=Q+ 35. Nxd1 Nxd1 36. g4 Kg6 37. a3 Nc3 38. Ke3 b5 39. Kd3 Nd1 40.
Ke2 bxc4 41. bxc4 Nb2 42. c5 Na4 43. Ke3 Nxc5 44. Kd4 Nd7 45. Kc4 hxg4 46. hxg4 Kf6 47. Kd4 Ke6 48. Ke4 Nf6+ 49. Kf3 Kd5 50. g5 Ne4 51.
Ke3 c5 52. Kd3 c4+ 53. Ke3 c3 54. Kd3 a5 55. a4 Kc5 56. f5 Nxg5 57. Kxc3 Ne4+ 58.
Kd3 Nd6 59. f6 Ne8 60. Ke4 Nxf6+ 61. Kf5 Ne8 62. Ke5 Kb4 63. Kd5 Kxa4 64. Kc6 Kb4 65. Kd7 a4 66. Ke7 a3 67. Kf8 a2 68. Kg8 a1=Q 69.
Kf8 f5 70. Ke7 f4 71. Kd7 f3 72. Kc8 f2 73. Kb8 f1=Q 74. Kb7 Qf7+ 0-1

[Event "Late-Titled-Tuesday-Blitz-January-30-2024"]
[Site "Chess.com"]
[Date "2024.01.30"]
[Round "3"]
[White "ozates"]
[Black "Herman-NY"]
[Result "0-1"]
[WhiteElo "2627"]
[BlackElo "2495"]
[TimeControl "180+1"]
[EndTime "14:29:43 PST"]
[Termination "Herman-NY won by resignation"]

1. c4 Nf6 2. g3 g6 3. Bg2 Bg7 4. Nc3 O-O 5. e4 d6 6. Nge2 c5 7. O-O Nc6 8. d3 Ne8 9. Be3 Nd4 10. Qd2 Nc7 11. Rac1 e5 12. Bxd4 cxd4 13. Nd5 Ne6 14.
f4 f5 15. exf5 gxf5 16. b4 a5 17. a3 axb4 18. axb4 Bd7 19. c5 dxc5 20. bxc5 Bc6 21. Nb6 Bxg2 22. Kxg2 e4 23. Nxa8 Qxa8 24. Ra1 Qc8 25.
Rfc1 Qc6 26. Kg1 h5 27. Rab1 e3 28. Qe1 Nxc5 29. Qf1 b6 30. Ra1 Qd5 31. Ra7 Rf7 32. Rxf7 Kxf7 33. Qh3 Kg6 34. Rb1 Qc6 35. Qh4 Bf6 36.
Qh3 Nxd3 37. Qg2 Qxg2+ 38. Kxg2 Nc5 39. Kf3 d3 40. Kxe3 dxe2 41. Kxe2 Nd7 42. Kd3 Be7 43. Kc4 Bc5 44. Rd1 Nf6 45. Re1 Ng4 46. Re6+ Kf7 47. Rc6 Nxh2 48. Kd5 Nf1 49. Rc7+ Kg6 50. Rc6+ Kf7 51.
Rc7+ Be7 52. Rc3 b5 53. Rb3 b4 54. Ke5 Kg6 55. Ke6 Bf6 56. Rxb4 Nxg3 57. Rb8 Ne4 58. Rb1 h4 59. Rg1+ Ng3 60. Rg2 Bg7 61. Rg1 Kh5 62.
Kf7 Bh6 63. Re1 Bxf4 64. Ke6 Kg4 65. Rb1 h3 66. Kf6 Bg5+ 67. Ke5 h2 68. Re1 h1=Q 69. Rxh1 Nxh1 70. Kd4 Ng3 71. Kd3 Kf3 72. Kc2 Kg2 73. Kd1 f4 74. Ke1 f3 75. Kd1 f2 76. Kc2 f1=Q 0-1

[Event "Late-Titled-Tuesday-Blitz-January-30-2024"]
[Site "Chess.com"]
[Date "2024.01.30"]
[Round "3"]
[White "esrosenberg"]
[Black "GasconJR"]
[Result "1/2-1/2"]
[WhiteElo "2427"]
[BlackElo "2581"]
[TimeControl "180+1"]
[EndTime "14:29:44 PST"]
[Termination "Game drawn by repetition"]

1. c4 e6 2. g3 d5 3. Bg2 d4 4.
Nf3 Nc6 5. O-O Bc5 6. e3 Nge7 7. exd4 Nxd4 8. d3 Nec6 9. Nbd2 a5 10. Nxd4 Nxd4 11.
Nb3 Nxb3 12. axb3 O-O 13. Be3 Bd4 14. Qd2 Ra6 15. Rfe1 c5 16. Bxd4 Qxd4 17. Rxa5 Rxa5 18. Qxa5 Qxb2 19. Qxc5 Qxb3 20. d4 Qc3 21. Re3 Qc1+ 22.
Bf1 Qa1 23. Qe5 Rd8 24. d5 Qxe5 25. Rxe5 exd5 26. Rxd5 Rxd5 27. cxd5 Kf8 28. Bc4 Ke7 29. f4 Kd6 30. Kf2 Kc5 31. Bb3 f6 32. Ke3 Bh3 33. Kf3 f5 34. Ba2 g6 35. Bb3 Bf1 36. d6 Kxd6 37.
Bg8 h6 38. Bh7 b5 39. Bxg6 Bd3 40. Ke3 Be4 41. Kd4 Ke6 42. Bh7 b4 43. Bg8+ Kf6 44.
Bb3 Kg6 45. Kc5 Kh5 46. Bd1+ Kg6 47. Kxb4 h5 48. Kc5 h4 49. Kd4 hxg3 50. hxg3 Kf6 51. g4 Bb1 52. g5+ Kg6 53. Ke5 Be4 54. Bb3 Bb1 55.
Bd5 Bc2 56. Bc6 Bb1 57. Be8+ Kg7 58. Bd7 Kg6 59. Be6 Bc2 60. Bd7 Bb1 61. Be8+ Kg7 62. g6 Bc2 63. Bf7 Bb1 64. Be8 Bc2 65. Ke6 Bb1 66. Ke7 Bc2 67. Ke6 Bb1 68. Ke5 1/2-1/2

[Event "Late-Titled-Tuesday-Blitz-January-30-2024"]
[Site "Chess.com"]
[Date "2024.01.30"]
[Round "3"]
[White "Njal28"]
[Black "krzyzan94"]
[Result "1-0"]
[WhiteElo "3040"]
[BlackElo "2772"]
[TimeControl "180+1"]
[EndTime "14:29:47 PST"]
[Termination "Njal28 won by checkmate"]

1. e4 c6 2. d4 d5 3. e5 Bf5 4. Bd3 Bxd3 5. Qxd3 e6 6. Ne2 Ne7 7. O-O c5 8. c3 Nbc6 9. Nd2 Nf5 10. Nf3 Be7 11. g4 Nh4 12. Nxh4 Bxh4 13. f4 Be7 14. f5 Qb6 15. Be3 cxd4 16. cxd4 O-O-O 17. Rab1 Kb8 18. Nf4 Nb4 19. Qd2 Rc8 20. a3 Nc2 21. Bf2 Rc7 22.
Nd3 Nxd4 23. Ne1 Rc4 24. b3 Nxb3 25. Qd1 Bc5 26. Rxb3 Bxf2+ 27. Rxf2 Qc7 28. Nd3 Rc8 29. fxe6 fxe6 30. Qf3 Re4 31. h3 Qc4 32. Rb4 Qc6 33. Qf7 Rxb4 34. axb4 a5 35. bxa5 Qc4 36. Qf3 Qd4 37. Kg2 Rc3 38. Rd2 Qc4 39. Qf8+ Ka7 40.
Qf3 Ka6 41. Qe2 Ka7 42. Nf2 Qc6 43. Rb2 d4+ 44. Qe4 Qc7 45. Nd3 Rc4 46. Kg3 Qd7 47. Rb6 h5 48. Rd6 Qf7 49. Rxd4 Rc2 50. Qe3 h4+ 51.
Kxh4 Qe7+ 52. Kg3 Kb8 53. Rf4 Rc3 54. Rf3 Rc4 55. Qf2 g5 56. Rf8+ Rc8 57. Rxc8+ Kxc8 58.
Qc5+ Kd8 59. Qxe7+ Kxe7 60. Nc5 b5 61. axb6 Kf7 62.
b7 Kg6 63. b8=Q Kh6 64. Qh8+ Kg6 65. Qg8+ Kh6 66. Qxe6+ Kh7 67. Qf7+ Kh6 68. Qf6+ Kh7 69. e6 Kg8 70. e7 Kh7 71. Kg2 Kg8 72. e8=Q+ Kh7 73.
Qeg6# 1-0

[Event "Late-Titled-Tuesday-Blitz-January-30-2024"]
[Site "Chess.com"]
[Date "2024.01.30"]
[Round "3"]
[White "dmitrijiIM"]
[Black "AradNazari"]
[Result "0-1"]
[WhiteElo "2895"]
[BlackElo "2702"]
[TimeControl "180+1"]
[EndTime "14:29:51 PST"]
[Termination "AradNazari won by checkmate"]

1. d4 Nf6 2. c4 g6 3. Nc3 d5 4.
cxd5 Nxd5 5. e4 Nxc3 6. bxc3 Bg7 7. Nf3 O-O 8. Be2 c5 9. Be3 Qa5 10. O-O Bg4 11. Rb1 Qxc3 12. Rc1 Qa3 13. Rxc5 Qxa2 14. Bc4 Qa3 15. Bd5 Nc6 16. Bxc6 bxc6 17. Rxc6 a5 18. h3 Bd7 19. Rc1 a4 20. Ne5 Bxe5 21. dxe5 Bb5 22.
Bc5 Qb3 23. Rb1 Qc4 24. Bxe7 Qxf1+ 25. Qxf1 Bxf1 26. Bxf8 Bd3 27. Rd1 a3 28. Bc5 a2 29.
Bd4 Bxe4 30. f3 Rd8 31. fxe4 Rxd4 32. Ra1 Rd2 33. Kh2 Kf8 34. Kg3 Ke7 35. Rc1 Ke6 36. Rc6+ Kxe5 37. Ra6 Kxe4 38. Ra4+ Ke3 39. Ra3+ Ke2 40.
Ra7 f5 41. Kf4 Kf2 42. g4 fxg4 43. hxg4 h6 44. Ra6 Kg2 45. Ke3 Rb2 46. Kf4 Kh3 47. g5 h5 48. Ke5 Kg4 49. Kf6 Rb6+ 50. Rxb6 a1=Q+ 51. Kxg6 Qa5 52. Rf6 Qxg5+ 53. Kf7 h4 54. Rg6 Qxg6+ 55. Kxg6 h3 56. Kf6 h2 57. Ke6 h1=Q 58.
Kd6 Qf3 59. Kc5 Qe4 60. Kd6 Kf5 61. Kc5 Qd3 62. Kb6 Ke6 63. Kb7 Qc4 64. Kb6 Kd7 65.
Kb7 Qb4+ 66. Ka7 Kc7 67. Ka8 Qa4# 0-1

[Event "Late-Titled-Tuesday-Blitz-January-30-2024"]
[Site "Chess.com"]
[Date "2024.01.30"]
[Round "3"]
[White "elchacal664"]
[Black "Lady_Nika"]
[Result "0-1"]
[WhiteElo "2401"]
[BlackElo "2586"]
[TimeControl "180+1"]
[EndTime "14:29:51 PST"]
[Termination "Lady_Nika won on time"]

1. e4 e6 2. d3 d5 3. Nd2 Nf6 4. Ngf3 c5 5. g3 Nc6 6. Bg2 d4 7. O-O e5 8. Nc4 Bd6 9. a4 Bc7 10. Nh4 Bg4 11. Bf3 Be6 12. Nf5 Rg8 13. Bg5 h6 14. Bd2 Qd7 15. a5 a6 16. Bg2 Bxf5 17. exf5 Qxf5 18. f4 exf4 19. Bxf4 Qd7 20. Re1+ Kf8 21.
Qf3 Bxf4 22. Qxf4 Re8 23. Rxe8+ Nxe8 24. Re1 g5 25. Qf2 Rg6 26. Bxc6 Rxc6 27. Ne5 Qd5 28. Qf5 Rd6 29. Ng6+ Kg7 30. Ne7 Qa2 31. Qf3 Rf6 32. Nf5+ Kf8 33. g4 Qxa5 34. Re2 Ng7 35. Qxb7 Nxf5 36.
gxf5 Kg7 37. Rf2 Qa1+ 38. Kg2 Qd1 39. Qe4 Qh5 40. h3 a5 41. b3 Qd1 42. Qe5 h5 43.
Qg3 g4 44. h4 Qc1 45. Qe5 Qe3 46. Qxe3 dxe3 47. Re2 Rxf5 48. Rxe3 Kf6 49. Re4 Re5 50. Rc4 Ke6 51. Kf2 f5 52. Kg3 Re3+ 53.
Kf4 Rf3+ 54. Kg5 g3 55. Rxc5 g2 56. Rc6+ Kd5 57. Rg6 g1=Q+ 58. Kh6 Rg3 0-1